 Dungeon Crawl Stone Soup version 0.30-a0-1114-gd936c97349 (webtiles) character file.

Game seed: 6847496425249041324

2 FexLirch the Sneak (level 1, -1/11 HPs)
             Began as a Vine Stalker Brigand on Apr 20, 2023.
             Frozen to death by an endoplasm (3 damage)
             ... on level 1 of the Dungeon.
             The game lasted 00:00:20 (38 turns).

FexLirch the Sneak (Vine Stalker Brigand)             Turns: 38, Time: 00:00:21

Health: -1/11      AC:  3    Str: 13    XL:     1   Next: 30%
Magic:  0/2        EV: 11    Int: 11    God:
Gold:   9          SH:  0    Dex: 15    Spells: 0/0 levels left

rFire   . . .      SeeInvis .    a - +2 dagger
rCold   . . .      Faith    .    (no shield)
rNeg    . . .      Spirit   +    b - +0 robe
rPois   .          Reflect  .    (no helmet)
rElec   .          Rampage  .    c - +0 cloak
rCorr   .                        (no gloves)
Will    .....                    (no boots)
Stlth   +++                      (no amulet)
HPRegen 0.21/turn                (no ring)
MPRegen 0.08/turn                (no ring)

@: no status effects
A: fangs 2, magic shield, antimagic bite, no potion heal 2
a: no special abilities


You were on level 1 of the Dungeon.
You visited 1 branch of the dungeon, and saw 1 of its levels.

You collected 9 gold pieces.

Inventory:

Hand Weapons
 a - a +2 dagger (weapon)
Missiles
 d - 9 poisoned darts (quivered)
 e - 3 curare-tipped darts
Armour
 b - a +0 robe (worn)
 c - a +0 cloak (worn)
Potions
 f - a potion of haste {unknown}


   Skills:
 + Level 1.8 Fighting
 - Level 1.7(1.8) Short Blades
 * Level 0.2(1.1) Long Blades
 - Level 1.7 Throwing
 + Level 0.8 Dodging
 + Level 4.8 Stealth


You couldn't memorise any spells.
You didn't know any spells.
Your spell library was empty.

Dungeon Overview and Level Annotations

Branches:
Dungeon (1/15)

Altars:


Innate Abilities, Weirdness & Mutations

You have extremely sharp teeth.
When hurt, damage is shared between your health and your magic reserves.
Your bite disrupts and absorbs the magic of your enemies.
Potions cannot restore your health.


Message History

You kill the rat!
An endoplasm and a hobgoblin come into view.
Things that are here:
a scroll labelled UCECREONAE; a rat corpse A ball python comes into view.
Found a scroll labelled NYDDOK BEOPEDD.
You hit the giant cockroach. You bite the giant cockroach.
You kill the giant cockroach!
The hobgoblin shouts!
The frilled lizard hisses angrily.
You hear an angry hiss.
The ball python hisses angrily.
You completely miss the hobgoblin. The hobgoblin hits you.
You closely miss the frilled lizard. The hobgoblin hits you.
The frilled lizard barely misses you. The endoplasm attacks as you move away!
The endoplasm hits you.
Things that are here:
a scroll labelled UCECREONAE; a rat corpse You are too injured to fight recklessly!
The endoplasm attacks as you move away!
The endoplasm hits you but does no damage.
You are too injured to fight recklessly!
The hobgoblin attacks as you move away! The hobgoblin barely misses you.
The endoplasm attacks as you move away! The endoplasm hits you.
You are too injured to fight recklessly!
You are too injured to fight recklessly!
You are too injured to fight recklessly!
You are too injured to fight recklessly!
You are too injured to fight recklessly!
The endoplasm attacks as you move away! The endoplasm closely misses you.
You are too injured to fight recklessly!
You hit the endoplasm. You bite the endoplasm. You drain its power.
You feel invigorated.
The endoplasm is almost dead.
The endoplasm freezes you.
You are frozen.
* * * LOW HITPOINT WARNING * * *
You barely miss the endoplasm.
The endoplasm is almost dead.
The endoplasm freezes you.
You are frozen.
You die...

## ##.###.#
...#......#
?...#.#..#
#......#
...#.#.#..#
#.........##
....#####?g# #
##.###########
#..SlJ@...PP~#
........###.##~PP#
!...#...# #.##P~~#
#...#.### #~PP##.#
### #. #P~P##.# #.
#~~P...# #.
P~#####.#


~PP #.# P~P ###.# You could see an endoplasm, a ball python and a frilled
lizard.

Vanquished Creatures
  A giant cockroach (D:1)
  A rat (D:1)
2 creatures vanquished.

Notes
Turn   | Place    | Note
-------+----------+-------------------------------------------
     0 | D:1      | FexLirch the Vine Stalker Brigand began the quest for the
                  | Orb.
     0 | D:1      | Reached XP level 1. HP: 11/11 MP: 2/2
    38 | D:1      | Frozen to death by an endoplasm

Illustrated notes

Levels and vault maps discovered:
D:1:      psy_arrival_conway, layout_loops_ring,
          chequers_ecumenical_altar_simple, serial_glass, glass_columns_b,
          glass_columns_b, glass_columns_a, glass_columns_a, glass_columns_a,
          glass_columns_a, glass_columns_a, glass_columns_a,
          nicolae_shop_vocational

Action                     || total
---------------------------++-------
  Melee: Dagger            ||     8
         Bite              ||     2
 Armour: Robe              ||     1
  Dodge: Dodged            ||     6

Table legend: (Time is in decaauts)
 A = Elapsed time spent in this place.
 B = Non-inter-level travel time spent in this place.
 C = Inter-level travel time spent in this place.
 D = Time resting spent in this place.
 E = Time spent auto-exploring this place.
 F = Levels seen in this place.
 G = Mean time per level.
                   A        B        C        D        E       F      G
               +--------+--------+--------+--------+--------+-----+--------+
         Total |     39 |     39 |      0 |      0 |     18 |   1 |   39.0 |
       Dungeon |     39 |     39 |      0 |      0 |     18 |   1 |   39.0 |
               +--------+--------+--------+--------+--------+-----+--------+

Top non-repeatable levels by time:
     D:1: 39 daAuts
